 Dungeon Crawl Stone Soup version 0.27.1-34-g3ba077fa99 (webtiles) character file.

Game seed: 16159205039661439119

37 elmegaard the Grave Robber (level 3, -3/24 HPs)
             Began as a Demonspawn Necromancer on Jan 23, 2022.
             Slain by a phantom (8 damage)
             ... on level 3 of the Dungeon.
             The game lasted 00:15:26 (2268 turns).

elmegaard the Grave Robber (Demonspawn Necromancer) Turns: 2268, Time: 00:15:26

Health: -3/24      AC:  2    Str:  8    XL:     3   Next: 23%
Magic:  6/6        EV: 12    Int: 17    God:
Gold:   99         SH:  0    Dex: 13    Spells: 5/7 levels left

rFire    . . .     SeeInvis .   d - +0 dagger
rCold    . . .     Faith    .   (no shield)
rNeg     . . .     Spirit   .   a - +0 robe
rPois    .         Reflect  .   (no helmet)
rElec    .         Harm     .   (no cloak)
rCorr    .         Rampage  .   (no gloves)
Will     .....                  (no boots)
Stlth    ++........             (no amulet)
HPRegen  0.08/turn              f - ring of flight
MPRegen  0.10/turn              (no ring)

@: flying
A: hooves 1
a: no special abilities


You were on level 3 of the Dungeon.
You visited 1 branch of the dungeon, and saw 3 of its levels.

You collected 99 gold pieces.

Inventory:

Hand Weapons
 d - a +0 dagger (weapon)
Armour
 a - a +0 robe (worn)
Jewellery
 f - a ring of flight (left hand)
Scrolls
 b - 3 scrolls of blinking {unknown}
 c - 2 scrolls of immolation {unknown}
 g - a scroll of fog {unknown}
 h - a scroll of amnesia {unknown}
Potions
 e - a potion of brilliance {unknown}


   Skills:
 + Level 1.8 Dodging
 + Level 1.9 Stealth
 + Level 2.5 Spellcasting
 + Level 5.2 Necromancy


You had 5 spell levels left.
You knew the following spells:

 Your Spells              Type           Power      Damage    Failure   Level
a - Pain                  Necr           76%        1d7       2%          1
b - Animate Skeleton      Necr           38%        N/A       2%          1

Your spell library contained the following spells:

 Spells                   Type           Power      Damage    Failure   Level
 Vampiric Draining        Necr           9%         2d7       6%          3
 Apportation              Tloc           4%         N/A       19%         1
 Animate Dead             Necr           9%         N/A       22%         4
 Agony                    Necr           19%        N/A       52%         5
 Alistair's Intoxication  Tmut/Pois      1%         N/A       99%         5
 Invisibility             Hex            1%         N/A       100%        6


Dungeon Overview and Level Annotations

Branches:
Dungeon (3/15)

Altars:

Shops:
D:1 (


Innate Abilities, Weirdness & Mutations

You have large cloven feet.


Message History

The phantom hits you but does no damage.
Casting: Pain (safe; 2% risk of failure)
Confirm with . or Enter, or press ? or * to list all spells.
You can't see any susceptible monsters within range! (Use Z to cast anyway.)
Casting: Pain (safe; 2% risk of failure)
Confirm with . or Enter, or press ? or * to list all spells.
You don't know that spell.
Unknown command.
You hit the phantom. Your kick misses the phantom.
The phantom is lightly damaged.
The phantom barely misses you.
Unknown command.
Press: ? - help, v - describe, . - travel
Here: a phantom (lightly damaged)
The floor.
You closely miss the phantom. Your kick misses the phantom.
The phantom is lightly damaged.
The phantom closely misses you.
You hit the phantom but do no damage. Your kick misses the phantom.
The phantom is lightly damaged.
The phantom hits you.
You closely miss the phantom. Your kick misses the phantom.
The phantom is lightly damaged.
The phantom hits you.
The phantom blinks!
You blink.
The phantom hits you.
You closely miss the phantom.
The phantom is lightly damaged.
The phantom hits you!
* * * LOW HITPOINT WARNING * * *
The phantom hits you but does no damage.
The phantom closely misses you.
You see here a +0 hand axe.
The phantom hits you.
* * * LOW HITPOINT WARNING * * *
The phantom blinks!
You blink.
There is an escape hatch in the ceiling here.
The phantom hits you but does no damage.
You see here a +0 hand axe.
The phantom hits you!
You die...

#. . # .### +#. ...
##..####.# #......#.#
.........#####+##
#.#..........#
#.#.......@..#
#...<.)..W...#
##...........#########
#...................#
##.......##########.#
#.......# ######.#
###.......# ###......#
##.....##..#
.........#
..........+.#
##......#


You could see a phantom.

Vanquished Creatures
  2 dart slugs
  A ball python (D:1)
  2 bats (D:1)
  3 endoplasms
  3 giant cockroaches (D:1)
  5 goblins
  A hobgoblin (D:1)
  A quokka (D:2)
  2 frilled lizards
  6 kobolds
  3 rats
29 creatures vanquished.

Notes
Turn   | Place    | Note
-------+----------+-------------------------------------------
     0 | D:1      | elmegaard the Demonspawn Necromancer began the quest for
                  | the Orb.
     0 | D:1      | Reached XP level 1. HP: 13/13 MP: 3/3
     3 | D:1      | Learned a level 1 spell: Animate Skeleton
   305 | D:1      | Gained mutation: You have large cloven feet. [demonic
                  | ancestry]
   305 | D:1      | Reached XP level 2. HP: 17/19 MP: 3/5
   860 | D:1      | Reached skill level 5 in Necromancy
  1128 | D:1      | Found a faded altar of an unknown god.
  1412 | D:1      | Found Tuweyck's Weapon Boutique.
  1532 | D:2      | Reached XP level 3. HP: 21/24 MP: 3/6
  2219 | D:3      | Noticed a phantom
  2268 | D:3      | Slain by a phantom

Illustrated notes

Levels and vault maps discovered:
D:1:      lightli_iron_boxes, layout_basic, serial_shops,
          nicolae_shop_window_shopping, shapermc_ecumenical_altar_petra,
          hangedman_decor_points, minmay_box_of_dots
D:2:      layout_basic
D:3:      corexii_shack_village, layout_basic, tso_metal_star, chequers_jeans,
          minmay_snake_closets

Skill      XL: |  1  2 |
---------------+-------+-----
Necromancy     | 5 |  5.2
Dodging        | |  1.8
Stealth        | |  1.9
Spellcasting   | |  2.5

Action                   || total
-------------------------++-------
Melee: Unarmed           ||     3
       Dagger            ||     5
 Cast: Pain              ||    62
       Animate Skeleton  ||     3
Armor: Robe              ||     8
Dodge: Dodged            ||    17
